 Dungeon Crawl Stone Soup version 0.27.1-4-g1640c2035a (webtiles) character file.

Game seed: 229039688471495166

189 Crownlay the Conjurer (level 5, -1/37 HPs)
             Began as a Gnoll Conjurer on Nov 6, 2021.
             Succumbed to a water moccasin's poison
             ... on level 4 of the Dungeon.
             The game lasted 00:03:02 (2685 turns).

Crownlay the Conjurer (Gnoll Conjurer)              Turns: 2685, Time: 00:03:03

Health: -1/37      AC:  3    Str:  6    XL:     5   Next: 68%
Magic:  0/12       EV: 14    Int: 18    God:
Gold:   91         SH:  0    Dex: 17    Spells: 11/14 levels left

rFire    . . .     SeeInvis .   c - staff of earth
rCold    . . .     Faith    .   (no shield)
rNeg     + . .     Spirit   .   a - +0 robe
rPois    .         Reflect  .   (no helmet)
rElec    .         Harm     .   (no cloak)
rCorr    .         Rampage  .   f - +0 pair of gloves
Will     .....                  (no boots)
Stlth    +++.......             (no amulet)
HPRegen  0.12/turn              g - ring of positive energy
MPRegen  0.13/turn              k - +6 ring of dexterity

@: lethally poisoned (-1 -> -15)
A: fangs 1, strong nose, distributed training
a: no special abilities


You were on level 4 of the Dungeon.
You visited 1 branch of the dungeon, and saw 4 of its levels.

You collected 91 gold pieces.

Inventory:

Armour
 a - a +0 robe (worn)
 f - a +0 pair of gloves (worn)
Magical Staves
 c - a staff of earth (weapon)
Jewellery
 g - a ring of positive energy (left hand)
 k - a +6 ring of dexterity (right hand)
Scrolls
 b - a scroll of enchant weapon {unknown}
 d - 2 scrolls of noise {unknown}
 e - 2 scrolls of teleportation {unknown}
 h - 4 scrolls of identify {unknown}
 l - a scroll of silence {unknown}
Potions
 i - 2 potions of might {unknown}
 j - 2 potions of attraction {unknown}
 m - a potion of lignification {unknown}


   Skills:
 + Level 1.6 Fighting
 + Level 1.6 Short Blades
 + Level 1.6 Long Blades
 + Level 1.6 Axes
 + Level 1.6 Maces & Flails
 + Level 1.6 Polearms
 + Level 1.6 Staves
 + Level 1.6 Slings
 + Level 1.6 Bows
 + Level 1.6 Crossbows
 + Level 1.6 Throwing
 + Level 1.6 Armour
 + Level 4.8 Dodging
 + Level 4.4 Stealth
 + Level 1.6 Shields
 + Level 1.6 Unarmed Combat
 + Level 5.2 Spellcasting
 + Level 7.2 Conjurations
 + Level 1.2 Hexes
 + Level 1.2 Summonings
 + Level 1.2 Necromancy
 + Level 1.2 Translocations
 + Level 1.2 Transmutations
 + Level 1.2 Fire Magic
 + Level 1.2 Ice Magic
 + Level 1.2 Air Magic
 + Level 1.2 Earth Magic
 + Level 1.2 Poison Magic
 + Level 1.8 Invocations
 + Level 1.6 Evocations


You had 11 spell levels left.
You knew the following spells:

 Your Spells              Type           Power      Damage    Failure   Level
a - Magic Dart            Conj           100%       1d8       1%          1
b - Searing Ray           Conj           60%        3d5       1%          2

Your spell library contained the following spells:

 Spells                   Type           Power      Damage    Failure   Level
 Dazzling Flash           Conj/Hex       40%        N/A       7%          3
 Ensorcelled Hibernation  Hex/Ice        18%        N/A       12%         2
 Spider Form              Tmut/Pois      4%         N/A       22%         3
 Fulminant Prism          Conj/Hex       10%        3d9       22%         4
 Iskenderun's Mystic Bla  Conj/Tloc      20%        2d6       22%         4
 Shadow Creatures         Summ           N/A        N/A       100%        6


Dungeon Overview and Level Annotations

Branches:
Dungeon (4/15)
 Temple: D:4-7

Altars:
Qazlal


Innate Abilities, Weirdness & Mutations

You have very sharp teeth.
Your uncanny sense of smell can sniff out nearby items.
Your experience applies equally to all skills.


Message History

The searing ray hits the water moccasin!
The water moccasin is almost dead.
The searing ray hits the white imp.
The white imp is almost dead.
You feel very sick. The water moccasin bites you.
You are lethally poisoned!
The water moccasin poisons you! The water moccasin closely misses you.
The searing ray misses the water moccasin.
The searing ray hits the jackal!
You kill the jackal!
You feel very sick. The water moccasin barely misses you.
The searing ray hits the water moccasin!
You kill the water moccasin!
You finish channeling your searing ray.
You feel very sick. The white imp gestures at you. The puff of frost hits you!
* * * LOW HITPOINT WARNING * * *
Your Hexes skill increases to level 1!
Your Summonings skill increases to level 1!
Your Necromancy skill increases to level 1!
Your Translocations skill increases to level 1!
Your Transmutations skill increases to level 1!
Your Fire Magic skill increases to level 1!
Your Ice Magic skill increases to level 1!
Your Air Magic skill increases to level 1!
Your Earth Magic skill increases to level 1!
Your Poison Magic skill increases to level 1!
You have reached level 5!
Casting: Searing Ray (safe; 1% risk of failure)
Confirm with . or Enter, or press ? or * to list all spells.
Aiming: Searing Ray (safe; 1% risk of failure)
Press: ? - help, Shift-Dir - straight line, f - white imp
Aim: a white imp (almost dead, 79% to hit)
The searing ray hits the white imp.
You kill the white imp! (Press . to maintain the ray.)
You die...

∆ ..........≈≈≈≈≈≈≈
....h.....≈.§§...
.........≈.≈§.§≈
#......≈.§§..≈ .
#†....≈.§._§≈ # #.....≈.≈...≈
## #.. #†....≈.≈≈≈≈≈
.#####...# ###†....≈......
.........# ###.@.....≈≈≈≈≈≈≈
<........####.....###........
.###............### ##.....#.
.# ##........## #....# ##
#.........# ....# #
#.........# ...... #
#......#..# #....>
##..#..##..# .....
##..##..###.##


There were no monsters in sight!

Vanquished Creatures
  A water moccasin (D:4)
  An adder (D:2)
  A white imp (D:4)
  2 worms
  7 bats
  2 endoplasms
  2 giant cockroaches (D:1)
  4 goblins
  10 hobgoblins
  10 jackals
  5 kobolds
  5 quokkas
  7 ball pythons
  3 frilled lizards (D:1)
  6 rats
66 creatures vanquished.

Notes
Turn   | Place    | Note
-------+----------+-------------------------------------------
     0 | D:1      | Crownlay the Gnoll Conjurer began the quest for the Orb.
     0 | D:1      | Reached XP level 1. HP: 13/13 MP: 6/6
   157 | D:1      | Reached XP level 2. HP: 19/19 MP: 4/7
   343 | D:1      | Learned a level 2 spell: Searing Ray
   702 | D:1      | Reached XP level 3. HP: 25/25 MP: 6/9
   813 | D:1      | Reached skill level 5 in Spellcasting
  1255 | D:2      | Reached skill level 1 in Invocations
  1600 | D:2      | Reached skill level 1 in Fighting
  1600 | D:2      | Reached skill level 1 in Short Blades
  1600 | D:2      | Reached skill level 1 in Long Blades
  1600 | D:2      | Reached skill level 1 in Axes
  1600 | D:2      | Reached skill level 1 in Maces & Flails
  1600 | D:2      | Reached skill level 1 in Polearms
  1600 | D:2      | Reached skill level 1 in Staves
  1600 | D:2      | Reached skill level 1 in Slings
  1600 | D:2      | Reached skill level 1 in Bows
  1600 | D:2      | Reached skill level 1 in Crossbows
  1600 | D:2      | Reached skill level 1 in Throwing
  1600 | D:2      | Reached skill level 1 in Armour
  1600 | D:2      | Reached skill level 1 in Shields
  1600 | D:2      | Reached skill level 1 in Unarmed Combat
  1600 | D:2      | Reached skill level 1 in Evocations
  1661 | D:2      | Reached XP level 4. HP: 31/32 MP: 7/11
  1781 | D:3      | Found a faded altar of an unknown god.
  2665 | D:4      | Found a stormy altar of Qazlal.
  2672 | D:4      | Noticed a water moccasin
  2684 | D:4      | Killed a water moccasin
  2685 | D:4      | Reached skill level 1 in Hexes
  2685 | D:4      | Reached skill level 1 in Summonings
  2685 | D:4      | Reached skill level 1 in Necromancy
  2685 | D:4      | Reached skill level 1 in Translocations
  2685 | D:4      | Reached skill level 1 in Transmutations
  2685 | D:4      | Reached skill level 1 in Fire Magic
  2685 | D:4      | Reached skill level 1 in Ice Magic
  2685 | D:4      | Reached skill level 1 in Air Magic
  2685 | D:4      | Reached skill level 1 in Earth Magic
  2685 | D:4      | Reached skill level 1 in Poison Magic
  2685 | D:4      | Reached XP level 5. HP: 2/37 MP: 2/12
  2685 | D:4      | Succumbed to a water moccasin's poison

Illustrated notes

Levels and vault maps discovered:
D:1:      lightli_molten_gateway, layout_basic, grunt_decor_junction
D:2:      layout_rooms, minmay_pentomino_q2
D:3:      layout_loops_ring, shapermc_ecumenical_altar_totnotflames
D:4:      layout_layer_cave, mainiacjoe_overflow_boulevard,
          kennysheep_mini_moat, nicolae_uskayaw_suspiria,
          mainiacjoe_overflow_concentric_impassable, minmay_pentomino_pile,
          uniq_pikel

Skill      XL: |  1  2  3  4 |
---------------+-------------+-----
Spellcasting   | 5 |  5.2
Invocations    | 1 |  1.8
Fighting       | 1 |  1.6
Short Blades   | 1 |  1.6
Long Blades    | 1 |  1.6
Axes           | 1 |  1.6
Maces & Flails | 1 |  1.6
Polearms       | 1 |  1.6
Staves         | 1 |  1.6
Slings         | 1 |  1.6
Bows           | 1 |  1.6
Crossbows      | 1 |  1.6
Throwing       | 1 |  1.6
Armour         | 1 |  1.6
Shields        | 1 |  1.6
Unarmed Combat | 1 |  1.6
Evocations     | 1 |  1.6
Hexes          | 1 |  1.2
Summonings     | 1 |  1.2
Necromancy     | 1 |  1.2
Translocations | 1 |  1.2
Transmutations | 1 |  1.2
Fire Magic     | 1 |  1.2
Ice Magic      | 1 |  1.2
Air Magic      | 1 |  1.2
Earth Magic    | 1 |  1.2
Poison Magic   | 1 |  1.2
Dodging        | |  4.8
Stealth        | |  4.4
Conjurations   | |  7.2

Action                   |  1- 3 |  4- 6 || total
-------------------------+-------+-------++-------
 Cast: Magic Dart        |    73 |    35 ||   108
       Searing Ray       |       |     4 ||     4
Dodge: Dodged            |       |     3 ||     3
